| TOP OF THE 1ST |
|
Missoula Osprey batting - Pitching for Philadelphia (APP) Phillies : LHP Cesar Andrade
|
|
Pitching: LHP Cesar Andrade
|
|
|
Batting: RHB Hyeok Shon
|
0-0: Called Strike 0-1: Foul Ball, location: 2F 0-2: Ball 1-2: Strikes out swinging
|
|
Batting: RHB Edwin Romero
|
0-0: Foul Ball, location: 2F 0-1: Ball 1-1: Swinging Strike 1-2: Ball 2-2: Reached on error, E5 (Groundball, 56, EV 103.1 MPH)
|
|
Batting: SHB Ed Vargas
|
0-0: Ball 1-0: Foul Ball, location: 2F 1-1: Called Strike 1-2: Ball 2-2: Ball 3-2: Base on Balls Edwin Romero to second
|
|
Batting: RHB D.J. Cooke
|
0-0: Fielders Choice at 2nd, 3-6 (Groundball, 34, EV 95.6 MPH) Edwin Romero to third
|
|
Batting: LHB Dallas Kelly
|
0-0: Ground out 4-3 (Groundball, 4, EV 86.2 MPH)
|
| Top of the 1st over - 0 runs, 0 hits, 1 error, 2 left on base; Missoula 0 - Philadelphia (APP) 0 |
| BOTTOM OF THE 1ST |
|
Philadelphia (APP) Phillies batting - Pitching for Missoula Osprey : LHP Cory Youngquist
|
|
Pitching: LHP Cory Youngquist
|
|
|
Batting: LHB Matt Urbanek
|
0-0: Ball 1-0: Ball 2-0: Called Strike 2-1: Called Strike 2-2: Strikes out looking
|
|
Batting: RHB Trent Hedrick
|
0-0: Called Strike 0-1: Ground out 5-3 (Groundball, 5, EV 85.0 MPH)
|
|
Batting: RHB Tony Perez
|
0-0: Ball 1-0: Foul Ball, location: 2F 1-1: Foul Ball, location: 2F 1-2: Ground out 3-1 (Groundball, 34S, EV 85.0 MPH)
|
| Bottom of the 1st over - 0 runs, 0 hits, 0 errors, 0 left on base; Missoula 0 - Philadelphia (APP) 0 |
| TOP OF THE 2ND |
|
Missoula Osprey batting - Pitching for Philadelphia (APP) Phillies : LHP Cesar Andrade
|
|
Batting: RHB Orlando Florez
|
0-0: Ball 1-0: Ball 2-0: Foul Ball, location: 2F 2-1: Called Strike 2-2: Strikes out swinging
|
|
Batting: RHB Daniel Rivera
|
0-0: Ground out 1-3 (Groundball, 15S, EV 63.8 MPH)
|
|
Batting: RHB Mike Swift
|
0-0: Foul Ball, location: 2F 0-1: Ground out U3 (Groundball, 34S, EV 80.6 MPH)
|
| Top of the 2nd over - 0 runs, 0 hits, 0 errors, 0 left on base; Missoula 0 - Philadelphia (APP) 0 |
| BOTTOM OF THE 2ND |
|
Philadelphia (APP) Phillies batting - Pitching for Missoula Osprey : LHP Cory Youngquist
|
|
Batting: RHB Allen Gravel
|
0-0: Ball 1-0: Foul Ball, location: 2F 1-1: Ball 2-1: Hit by Pitch
|
|
Batting: RHB Danny Habermehl
|
0-0: Ball 1-0: DOUBLE (Line Drive, 5D, EV 108.8 MPH) Allen Gravel to third
|
|
Batting: RHB Mike Bell
|
0-0: Ball 1-0: Ball Wild Pitch! Allen Gravel scores Danny Habermehl to third 2-0: Ball 3-0: Base on Balls
|
|
Batting: RHB Guan-pei Gao
|
0-0: Ball Mike Bell steals 2nd base 1-0: Ball 2-0: Ball 3-0: Swinging Strike 3-1: Foul Ball, location: 2F 3-2: Base on Balls
|
|
Batting: RHB Gary Sampson
|
0-0: Called Strike 0-1: Ball 1-1: Called Strike 1-2: Foul Ball, location: 2F 1-2: Strikes out swinging
|
|
Batting: RHB Zach Slot
|
0-0: Ball 1-0: Ball 2-0: SINGLE (Groundball, 34D, EV 95.6 MPH) Danny Habermehl scores Mike Bell to third Guan-pei Gao to second Runner from 3rd tries for Home, SAFE, throw by RF to home
|
|
Batting: LHB Matt Urbanek
|
0-0: Ball 1-0: Foul Ball, location: 2F 1-1: Ball 2-1: Foul Ball, location: 2F 2-2: Reached on error, E6 (Groundball, 56, EV 103.1 MPH) Guan-pei Gao to third Zach Slot to second
|
|
Batting: RHB Trent Hedrick
|
0-0: Called Strike 0-1: Ball 1-1: Ball 2-1: Grounds into fielders choice U2 (Groundball, 2L, EV 63.1 MPH) Zach Slot to third Matt Urbanek to second
|
|
Batting: RHB Tony Perez
|
0-0: Foul Ball, location: 2F 0-1: Foul Ball, location: 2F 0-2: Ball 1-2: Foul Ball, location: 2F 1-2: SINGLE (Groundball, 6MD, EV 96.2 MPH) Zach Slot scores Matt Urbanek to third Trent Hedrick to second Runner from 3rd tries for Home, SAFE, throw by CF to home
|
|
Pitching: RHP Moises Baez
|
|
|
Batting: RHB Allen Gravel
|
0-0: Foul Ball, location: 2F 0-1: Foul Ball, location: 2F 0-2: Ground out 1-3 (Groundball, 34S, EV 61.9 MPH)
|
| Bottom of the 2nd over - 5 runs, 3 hits, 1 error, 2 left on base; Missoula 0 - Philadelphia (APP) 5 |
| TOP OF THE 3RD |
|
Missoula Osprey batting - Pitching for Philadelphia (APP) Phillies : LHP Cesar Andrade
|
|
Batting: LHB Josh Thomas
|
0-0: Called Strike 0-1: Ball 1-1: Foul Ball, location: 2F 1-2: Ball 2-2: Strikes out swinging
|
|
Batting: RHB Hyeok Shon
|
0-0: Ball 1-0: SOLO HOME RUN (Flyball, 7LD, EV 95.6 MPH), Distance : 352 ft
|
|
Batting: RHB Edwin Romero
|
0-0: Fly out, F9 (Flyball, 89S, EV 88.1 MPH)
|
|
Batting: SHB Ed Vargas
|
0-0: Ball 1-0: Foul Ball, location: 2F 1-1: SINGLE (Line Drive, 4M, EV 103.1 MPH)
|
|
Batting: RHB D.J. Cooke
|
0-0: Ball 1-0: Fielders Choice at 2nd, 6-4 (Groundball, 6, EV 85.6 MPH)
|
| Top of the 3rd over - 1 run, 2 hits, 0 errors, 1 left on base; Missoula 1 - Philadelphia (APP) 5 |
| BOTTOM OF THE 3RD |
|
Philadelphia (APP) Phillies batting - Pitching for Missoula Osprey : RHP Moises Baez
|
|
Pitching: RHP John Meyer
|
|
|
Batting: RHB Danny Habermehl
|
0-0: Called Strike 0-1: Ball 1-1: SINGLE (Groundball, 6MD, EV 103.8 MPH)
|
|
Batting: RHB Mike Bell
|
0-0: Called Strike 0-1: Called Strike 0-2: Strikes out swinging
|
|
Batting: RHB Guan-pei Gao
|
0-0: Swinging Strike 0-1: Ball 1-1: Called Strike 1-2: Ball 2-2: Foul Ball, location: 2F 2-2: DOUBLE (Line Drive, 7LM, EV 105.0 MPH) Danny Habermehl to third
|
|
Batting: RHB Gary Sampson
|
0-0: Ball 1-0: Ground out U3 (Groundball, 34S, EV 88.1 MPH) Danny Habermehl scores Guan-pei Gao to third
|
|
Batting: RHB Zach Slot
|
0-0: Ball Wild Pitch! Guan-pei Gao scores 1-0: Foul Ball, location: 2F 1-1: Ball 2-1: SOLO HOME RUN (Flyball, 7D, EV 94.4 MPH), Distance : 354 ft
|
|
Batting: LHB Matt Urbanek
|
0-0: Ball 1-0: Foul Ball, location: 2F 1-1: Ball 2-1: Ball 3-1: Base on Balls
|
|
Batting: RHB Trent Hedrick
|
0-0: Called Strike Matt Urbanek steals 2nd base 0-1: SINGLE (Line Drive, 7S, EV 100.6 MPH) Matt Urbanek to third
|
|
Batting: RHB Tony Perez
|
0-0: DOUBLE (Flyball, 8RXD, EV 108.1 MPH) Matt Urbanek scores Trent Hedrick to third Runner from 3rd tries for Home, SAFE, no throw by CF
|
|
Pitching: RHP Edwin Martinez
|
|
|
Batting: RHB Allen Gravel
|
0-0: Ball 1-0: Fly out, F8 (Flyball, 8LM, EV 71.2 MPH)
|
| Bottom of the 3rd over - 5 runs, 5 hits, 0 errors, 1 left on base; Missoula 1 - Philadelphia (APP) 10 |
| TOP OF THE 4TH |
|
Missoula Osprey batting - Pitching for Philadelphia (APP) Phillies : LHP Cesar Andrade
|
|
Batting: LHB Dallas Kelly
|
0-0: Called Strike 0-1: Foul Ball, location: 2F 0-2: Fly out, F9 (Line Drive, 89M, EV 88.8 MPH)
|
|
Batting: RHB Orlando Florez
|
0-0: Called Strike 0-1: Ball 1-1: Foul Ball, location: 2F 1-2: Ball 2-2: Ball 3-2: Base on Balls
|
|
Batting: RHB Daniel Rivera
|
0-0: Ball 1-0: Swinging Strike 1-1: Foul Ball, location: 2F 1-2: Strikes out swinging
|
|
Batting: RHB Mike Swift
|
0-0: Ball 1-0: Ball 2-0: Ball 3-0: Called Strike 3-1: Base on Balls Orlando Florez to second
|
|
Batting: LHB Josh Thomas
|
0-0: Fly out, F3 (Line Drive, 3L, EV 68.8 MPH)
|
| Top of the 4th over - 0 runs, 0 hits, 0 errors, 2 left on base; Missoula 1 - Philadelphia (APP) 10 |
| BOTTOM OF THE 4TH |
|
Philadelphia (APP) Phillies batting - Pitching for Missoula Osprey : RHP Edwin Martinez
|
|
Batting: RHB Danny Habermehl
|
0-0: Ground out 5-3 (Groundball, 56S, EV 68.8 MPH)
|
|
Batting: RHB Mike Bell
|
0-0: Swinging Strike 0-1: Called Strike 0-2: Ball 1-2: Strikes out swinging
|
|
Batting: RHB Guan-pei Gao
|
0-0: DOUBLE (Flyball, 8RXD, EV 96.9 MPH)
|
|
Batting: RHB Gary Sampson
|
0-0: Ball 1-0: Swinging Strike 1-1: Ball 2-1: Ball 3-1: Swinging Strike 3-2: Base on Balls
|
|
Batting: RHB Zach Slot
|
0-0: Ball 1-0: Ball 2-0: Ground out 2-3 (Groundball, 2L, EV 66.2 MPH)
|
| Bottom of the 4th over - 0 runs, 1 hit, 0 errors, 2 left on base; Missoula 1 - Philadelphia (APP) 10 |
| TOP OF THE 5TH |
|
Missoula Osprey batting - Pitching for Philadelphia (APP) Phillies : LHP Cesar Andrade
|
|
Batting: RHB Hyeok Shon
|
0-0: Foul Ball, location: 2F 0-1: Ball 1-1: Ball 2-1: Called Strike 2-2: Ground out 5-3 (Groundball, 56S, EV 89.4 MPH)
|
|
Batting: RHB Edwin Romero
|
0-0: Ball 1-0: Ball 2-0: Ball 3-0: Called Strike 3-1: Base on Balls
|
|
Batting: SHB Ed Vargas
|
0-0: Ball 1-0: Ball Edwin Romero is caught stealing 2nd base 2-4 2-0: Ball 3-0: Called Strike 3-1: Ground out 6-3 (Groundball, 6, EV 86.2 MPH)
|
| Top of the 5th over - 0 runs, 0 hits, 0 errors, 0 left on base; Missoula 1 - Philadelphia (APP) 10 |
| BOTTOM OF THE 5TH |
|
Philadelphia (APP) Phillies batting - Pitching for Missoula Osprey : RHP Edwin Martinez
|
|
Batting: LHB Matt Urbanek
|
0-0: Called Strike 0-1: Ground out 6-3 (Groundball, 6M, EV 88.1 MPH)
|
|
Batting: RHB Trent Hedrick
|
0-0: Ball 1-0: Ground out 5-3 (Groundball, 56S, EV 87.5 MPH)
|
|
Batting: RHB Tony Perez
|
0-0: Ball 1-0: SOLO HOME RUN (Flyball, 89XD, EV 101.2 MPH), Distance : 396 ft
|
|
Batting: RHB Allen Gravel
|
0-0: Foul Ball, location: 2F 0-1: Swinging Strike 0-2: Ball 1-2: Ball 2-2: Strikes out looking
|
| Bottom of the 5th over - 1 run, 1 hit, 0 errors, 0 left on base; Missoula 1 - Philadelphia (APP) 11 |
| TOP OF THE 6TH |
|
Missoula Osprey batting - Pitching for Philadelphia (APP) Phillies : LHP Cesar Andrade
|
|
Batting: RHB D.J. Cooke
|
0-0: Ball 1-0: Called Strike 1-1: Ball 2-1: SOLO HOME RUN (Flyball, 7D, EV 94.4 MPH), Distance : 356 ft
|
|
Pitching: LHP Marty de la Rosa
|
|
|
Batting: LHB Dallas Kelly
|
0-0: Called Strike 0-1: Swinging Strike 0-2: Strikes out looking
|
|
Batting: RHB Orlando Florez
|
0-0: Swinging Strike 0-1: DOUBLE (Popup, 4D, EV 55.6 MPH)
|
|
Batting: RHB Daniel Rivera
|
0-0: Ball 1-0: Ball 2-0: Called Strike 2-1: 2-RUN HOME RUN (Flyball, 7D, EV 96.9 MPH), Distance : 369 ft
|
|
Batting: RHB Mike Swift
|
0-0: Fly out, F9 (Flyball, 9, EV 84.4 MPH)
|
|
Batting: LHB Josh Thomas
|
0-0: Ball 1-0: Ball 2-0: Called Strike 2-1: Swinging Strike 2-2: SINGLE (Line Drive, 9LS, EV 107.5 MPH)
|
|
Batting: RHB Hyeok Shon
|
0-0: Called Strike 0-1: Hit by Pitch Josh Thomas to second
|
|
Batting: RHB Edwin Romero
|
0-0: Swinging Strike 0-1: Fielders Choice at 2nd, 6-4 (Groundball, 6, EV 85.6 MPH)
|
| Top of the 6th over - 3 runs, 4 hits, 0 errors, 2 left on base; Missoula 4 - Philadelphia (APP) 11 |
| BOTTOM OF THE 6TH |
|
Philadelphia (APP) Phillies batting - Pitching for Missoula Osprey : RHP Edwin Martinez
|
|
Batting: RHB Danny Habermehl
|
0-0: Ball 1-0: Called Strike 1-1: Called Strike 1-2: Strikes out looking
|
|
Batting: RHB Mike Bell
|
0-0: Ball 1-0: Called Strike 1-1: Swinging Strike 1-2: Ball 2-2: Ball 3-2: Foul Ball, location: 2F 3-2: Base on Balls
|
|
Pitching: RHP Victor Cisneros
|
|
|
Batting: RHB Guan-pei Gao
|
0-0: Ball 1-0: Ball 2-0: Ball 3-0: Base on Balls Mike Bell to second
|
|
Batting: RHB Gary Sampson
|
0-0: 3-RUN HOME RUN (Flyball, 7D, EV 90.6 MPH), Distance : 350 ft
|
|
Batting: RHB Zach Slot
|
0-0: Called Strike 0-1: Fly out, F9 (Flyball, 89S, EV 88.8 MPH)
|
|
Batting: LHB Matt Urbanek
|
0-0: Called Strike 0-1: Ball 1-1: Swinging Strike 1-2: Foul Ball, location: 2F 1-2: Foul Ball, location: 2F 1-2: Foul Ball, location: 2F 1-2: Strikes out swinging
|
| Bottom of the 6th over - 3 runs, 1 hit, 0 errors, 0 left on base; Missoula 4 - Philadelphia (APP) 14 |
| TOP OF THE 7TH |
|
Missoula Osprey batting - Pitching for Philadelphia (APP) Phillies : LHP Marty de la Rosa
|
|
Batting: SHB Ed Vargas
|
0-0: Ball 1-0: Ball 2-0: Foul Ball, location: 2F 2-1: DOUBLE (Flyball, 8RXD, EV 114.4 MPH)
|
|
Batting: RHB D.J. Cooke
|
0-0: Called Strike 0-1: Ball 1-1: Ball 2-1: Ball Wild Pitch! Ed Vargas to third 3-1: Base on Balls
|
|
Batting: LHB Dallas Kelly
|
0-0: Called Strike 0-1: Fielders Choice at 2nd, 6-4 (Groundball, 6, EV 101.9 MPH) Ed Vargas scores
|
|
Batting: RHB Orlando Florez
|
0-0: Ball 1-0: Foul Ball, location: 2F 1-1: Ball 2-1: Foul Ball, location: 2F 2-2: Strikes out swinging
|
|
Batting: RHB Daniel Rivera
|
0-0: Ball 1-0: Fly out, F7 (Flyball, 7, EV 83.8 MPH)
|
| Top of the 7th over - 1 run, 1 hit, 0 errors, 1 left on base; Missoula 5 - Philadelphia (APP) 14 |
| BOTTOM OF THE 7TH |
|
Philadelphia (APP) Phillies batting - Pitching for Missoula Osprey : RHP Victor Cisneros
|
|
Batting: RHB Trent Hedrick
|
0-0: Ground out 4-3 (Groundball, 4, EV 85.0 MPH)
|
|
Batting: RHB Tony Perez
|
0-0: Ground out 2-3 (Groundball, 2R, EV 70.0 MPH)
|
|
Batting: RHB Allen Gravel
|
0-0: Called Strike 0-1: Ball 1-1: Ball 2-1: Swinging Strike 2-2: Ball 3-2: Base on Balls
|
|
Batting: RHB Danny Habermehl
|
0-0: Called Strike 0-1: Ball 1-1: Ball 2-1: Swinging Strike 2-2: Foul Ball, location: 2F 2-2: Ball 3-2: Base on Balls Allen Gravel to second
|
|
Batting: RHB Mike Bell
|
0-0: Ball 1-0: Called Strike 1-1: Called Strike 1-2: Fielders Choice at 2nd, 6-4 (Groundball, 6, EV 86.2 MPH)
|
| Bottom of the 7th over - 0 runs, 0 hits, 0 errors, 2 left on base; Missoula 5 - Philadelphia (APP) 14 |
| TOP OF THE 8TH |
|
Missoula Osprey batting - Pitching for Philadelphia (APP) Phillies : LHP Marty de la Rosa
|
|
Batting: RHB Mike Swift
|
0-0: Ball 1-0: SINGLE (Flyball, 4D, EV 90.0 MPH)
|
|
Batting: LHB Josh Thomas
|
0-0: Ball 1-0: Grounds into double play, 3-6-3 (Groundball, 34, EV 84.4 MPH)
|
|
Batting: RHB Hyeok Shon
|
0-0: Ball 1-0: Called Strike 1-1: Swinging Strike 1-2: Ground out 4-3 (Groundball, 4M, EV 82.5 MPH)
|
| Top of the 8th over - 0 runs, 1 hit, 0 errors, 0 left on base; Missoula 5 - Philadelphia (APP) 14 |
| BOTTOM OF THE 8TH |
|
Philadelphia (APP) Phillies batting - Pitching for Missoula Osprey : RHP Victor Cisneros
|
|
Batting: RHB Guan-pei Gao
|
0-0: Foul Ball, location: 2F 0-1: Ground out 5-3 (Groundball, 56, EV 88.1 MPH)
|
|
Batting: RHB Gary Sampson
|
0-0: Ball 1-0: Ball 2-0: SINGLE (Flyball, 4D, EV 93.8 MPH)
|
|
Pitching: RHP Tom Moore
|
|
|
Batting: RHB Zach Slot
|
0-0: Ball 1-0: Called Strike 1-1: Foul Ball, location: 2F 1-2: 2-RUN HOME RUN (Flyball, 78XD, EV 96.9 MPH), Distance : 390 ft
|
|
Batting: LHB Matt Urbanek
|
0-0: Ball 1-0: Ball 2-0: Ball 3-0: Base on Balls
|
|
Batting: RHB Trent Hedrick
|
0-0: Ball 1-0: Called Strike 1-1: Fly out, F7 (Line Drive, 7D, EV 93.1 MPH)
|
|
Batting: RHB Tony Perez
|
0-0: Called Strike 0-1: Foul Ball, location: 2F 0-2: Ball 1-2: Foul Ball, location: 2F 1-2: Foul Ball, location: 2F 1-2: Fly out, F8 (Flyball, 8LXD, EV 105.6 MPH)
|
| Bottom of the 8th over - 2 runs, 2 hits, 0 errors, 1 left on base; Missoula 5 - Philadelphia (APP) 16 |
| TOP OF THE 9TH |
|
Missoula Osprey batting - Pitching for Philadelphia (APP) Phillies : LHP Marty de la Rosa
|
|
Batting: RHB Edwin Romero
|
0-0: Ground out 2-3 (Groundball, 2R, EV 63.8 MPH)
|
|
Batting: SHB Ed Vargas
|
0-0: Swinging Strike 0-1: Ball 1-1: Ball 2-1: Swinging Strike 2-2: Strikes out swinging
|
|
Pitching: RHP Ramon Mena
|
|
|
Batting: RHB D.J. Cooke
|
0-0: Ball 1-0: Called Strike 1-1: Ball 2-1: Ball 3-1: Base on Balls
|
|
Batting: LHB Dallas Kelly
|
0-0: Foul Ball, location: 2F 0-1: DOUBLE (Line Drive, 7LS, EV 103.1 MPH) D.J. Cooke to third
|
|
Batting: RHB Orlando Florez
|
0-0: Ball 1-0: Called Strike 1-1: SINGLE (Flyball, 3D, EV 96.2 MPH) D.J. Cooke scores Dallas Kelly to third
|
|
Batting: RHB Daniel Rivera
|
0-0: Ball Wild Pitch! Dallas Kelly scores Orlando Florez to second 1-0: Ball 2-0: Foul Ball, location: 2F 2-1: Ball 3-1: Base on Balls
|
|
Batting: RHB Mike Swift
|
0-0: Ball 1-0: Ball 2-0: Fly out, F7 (Flyball, 7, EV 86.9 MPH)
|
| Top of the 9th over - 2 runs, 2 hits, 0 errors, 2 left on base; Missoula 7 - Philadelphia (APP) 16 |
|